 Dungeon Crawl Stone Soup version 0.31-a0-1001-g770356a28f (webtiles) character file.

Game seed: 8503538554447331718

43747 BinkBink the Spry (level 13, -10/122 HPs)
             Began as a Minotaur Monk on Nov 8, 2023.
             Was the Champion of Qazlal.
             Mangled by a death yak (18 damage)
             ... on level 4 of the Lair of Beasts.
             The game lasted 00:27:40 (18141 turns).

BinkBink the Spry (Minotaur Monk)                  Turns: 18141, Time: 00:27:41

Health: -10/122    AC: 26    Str: 17    XL:     13   Next: 92%
Magic:  21/21      EV: 13    Int: 10    God:    Qazlal [******]
Gold:   1390       SH:  8    Dex: 17    Spells: 12/12 levels left

rFire   . . .        C - +5 great sword (drain)
rCold   + . .        (shield currently unavailable)
rNeg    + + .        P - +8 plate armour "Idiguj" {-Cast Harm Rampage rN+}
rPois   .            (helmet restricted)
rElec   .            O - +1 cloak {Stlth+}
rCorr   .            (no gloves)
SInv    .            M - +0 pair of boots
Will    .....        o - amulet of the acrobat Stlth
                     i - ring of flight
HPRegen 0.40/turn    N - ring "Epleocw Jiam" {rC+ rN+ MP+9 Int+3 Slay+3}
MPRegen 0.17/turn

%: no spellcasting, harm (+30% outgoing, +20% incoming), repel missiles,
acrobat, rampage
@: protected from physical damage, flying
A: horns 2, retaliatory headbutt, deformed body
a: Renounce Religion, Upheaval, Elemental Force, Disaster Area


You were on level 4 of the Lair of Beasts.
You worshipped Qazlal.
Qazlal was exalted by your worship.
You visited 4 branches of the dungeon, and saw 19 of its levels.
You also visited: Sewer, Gauntlet and Ice Cave.

You collected 1829 gold pieces.
You spent 439 gold pieces at shops.

Inventory:

Hand Weapons
 a - a +0 falchion
 C - a +5 great sword of draining (weapon)
Missiles
 e - 7 throwing nets
Armour
 c - a scarf of invisibility
 d - an orb of light
 y - a +0 ring mail
 A - +0 acid dragon scales
 G - the +4 chain mail of Bigotir {rN+ Str+2}
   (You bought it in a shop on level 2 of the Orcish Mines)

   Str+2:     It affects your strength (+2).
   rN+:       It protects you from negative energy.
 H - a +0 troll leather armour
 L - a +3 plate armour
 M - a +0 pair of boots (worn)
 O - a +1 cloak of stealth (worn)
 P - the +8 plate armour "Idiguj" (worn) {-Cast Harm Rampage rN+}
   (You took it off a minotaur in a Gauntlet)

   rN+:       It protects you from negative energy.
   -Cast:     It prevents spellcasting.
   Harm:      It increases damage dealt and taken.
   Rampage:   It bestows one free step when moving towards enemies.
Jewellery
 i - a ring of flight (left hand)
 o - an amulet of the acrobat (around neck)
 J - the ring "Runarch" {Drain rCorr Str+4 Slay+4 SInv}
   (You took it off a minotaur in a Gauntlet)

   [ring of slaying]

   Str+4:     It affects your strength (+4).
   Slay+4:    It affects your accuracy & damage with ranged weapons and melee
   (+4).
   SInv:      It lets you see invisible.
   rCorr:     It protects you from acid and corrosion.
   Drain:     It drains your maximum health when unequipped.
 K - a ring of see invisible
 N - the ring "Epleocw Jiam" (right hand) {rC+ rN+ MP+9 Int+3 Slay+3}
   (You found it in a Gauntlet)

   [ring of positive energy]

   Int+3:     It affects your intelligence (+3).
   Slay+3:    It affects your accuracy & damage with ranged weapons and melee
   (+3).
   rC+:       It protects you from cold.
   rN+:       It protects you from negative energy.
   MP+9:      It affects your magic capacity (+9).
Wands
 u - a wand of iceblast (5)
 z - a wand of polymorph (18)
 E - a wand of acid (13)
 F - a wand of flame (8)
 I - a wand of mindburst (2)
Scrolls
 g - 6 scrolls of teleportation
 h - 2 scrolls of fear
 j - 4 scrolls of fog
 l - 4 scrolls of enchant armour
 n - 4 scrolls of immolation
 v - 3 scrolls of summoning
 x - 5 scrolls of vulnerability
 Q - 2 scrolls of identify
 R - 2 scrolls of poison
 S - 2 scrolls of brand weapon
 T - a scroll of revelation {unknown}
Potions
 b - 3 potions of brilliance
 f - 5 potions of might
 k - a potion of lignification
 m - 2 potions of berserk rage {unknown}
 p - a potion of invisibility {unknown}
 q - 3 potions of mutation
 r - 7 potions of curing
 s - 3 potions of haste
 t - 2 potions of degeneration {unknown}
 w - a potion of resistance {unknown}
 B - 5 potions of enlightenment
 D - 2 potions of attraction


   Skills:
 + Level 13.6 Fighting
 + Level 13.6 Long Blades
 + Level 13.1 Armour
 * Level 17.0 Dodging


You had 12 spell levels left.
You didn't know any spells.
Your spell library contained the following spells:

 Spells                   Type           Power      Damage    Failure   Level
 Foxfire                  Conj/Fire      0%         2x1d4     100%        1
 Kiss of Death            Conj/Necr      0%         2d5       100%        1
 Ensorcelled Hibernation  Hex/Ice        0%         N/A       100%        2
 Passwall                 Tmut/Erth      0%         N/A       100%        2
 Poisonous Vapours        Pois/Air       0%         N/A       100%        2
 Scorch                   Fire           0%         2d5       100%        2
 Confusing Touch          Hex            0%         N/A       100%        3
 Swiftness                Air            0%         N/A       100%        3
 Tukima's Dance           Hex            0%         N/A       100%        3
 Dimensional Bullseye     Hex/Tloc       0%         N/A       100%        4
 Dispel Undead            Necr           0%         3d6       100%        4
 Flame Wave               Conj/Fire      0%         2d4       100%        4
 Iskenderun's Mystic Bla  Conj/Tloc      0%         2d3       100%        4
 Summon Ice Beast         Ice/Summ       0%         N/A       100%        4
 Vhi's Electric Charge    Tloc/Air       0%         N/A       100%        4
 Arcjolt                  Conj/Air       0%         1d10      100%        5
 Freezing Cloud           Conj/Ice/Air   0%         6-21      100%        5
 Silence                  Hex/Air        0%         N/A       100%        5
 Summon Forest            Summ/Tloc      0%         N/A       100%        5
 Eringya's Noxious Bog    Tmut/Pois      0%         4d6       100%        6
 Plasma Beam              Fire/Air       0%         2x1d10    100%        6
 Starburst                Conj/Fire      0%         6d3       100%        6
 Summon Cactus Giant      Summ           0%         N/A       100%        6
 Summon Hydra             Summ           0%         N/A       100%        7
 Chain Lightning          Conj/Air       0%         N/A       100%        9
 Fire Storm               Conj/Fire      0%         5d1       100%        9
 Shatter                  Erth           0%         3d5*      100%        9


Dungeon Overview and Level Annotations

Branches:
Dungeon (12/15)            Temple (1/1) D:5            Lair (4/5) D:11
 Shoals (0/4) Lair:3       Spider (0/4) Lair:3          Orc (2/2) D:9
    Elf (0/3) Orc:2         Sewer (visited)           IceCv (visited)
Gauntlet (visited)
  Slime: Lair:4-5

Altars:
Ashenzari
Cheibriados
Dithmenos
Elyvilon
Fedhas
Gozag
Hepliaklqana
Kikubaaqudgha
Makhleb
Nemelex Xobeh
Okawaru
Qazlal
Ru
Sif Muna
Trog
Uskayaw
Vehumet
Wu Jian
Xom
Yredelemnul
Zin
The Shining One

Shops:
Orc:2 [*([!

Annotations:
D:6 1 runed translucent door, pzskc383's ghost, amateur GrFi
D:12 1 runed translucent door, topfpfpflanze's ghost, journeyman FeCj


Innate Abilities, Weirdness & Mutations

You have a pair of horns on your head.
You reflexively headbutt those who attack you in melee.
Armour fits poorly on your strangely shaped body.


Message History

The death yak gores you but does no damage.
The death yak is engulfed in freezing vapours.
The death yak gores you.
* * * LOW HITPOINT WARNING * * *
As you read the scroll of fear, it crumbles to dust.
You assume a fearsome visage.
The death yak resists with some effort.
The death yak looks frightened!
The death yak resists with almost no effort.
The death yak looks frightened! x2
The death yak resists with almost no effort.
The death yak looks frightened!
The death yak resists with almost no effort.
The death yak looks frightened!
The water moccasin looks frightened!
You hear an angry hiss.
The death yak is engulfed in blazing flames.
The death yak gores your bullfrog!!
Your bullfrog dies!
Your bullfrog's corpse dissolves into shadows!
A dream sheep comes into view.
The death yak gores you.
* * * LOW HITPOINT WARNING * * *
You feel more protected from physical attacks.
The death yak is engulfed in blazing flames.
The death yak is engulfed in freezing vapours.
The death yak gores you!
* * * LOW HITPOINT WARNING * * *
You feel more protected from physical attacks.
Your water moccasin bites the death yak but does no damage.
Your cane toad stings the death yak!!
As you read the scroll of fear, it crumbles to dust.
You assume a fearsome visage.
The dream sheep resists with some effort.
The death yak resists with almost no effort. x2
The death yak looks frightened!
The death yak resists with some effort.
You hear a bleat!
You hear an angry hiss.
A water moccasin comes into view.
Your water moccasin bites the death yak.
The death yak is engulfed in freezing vapours.
The death yak gores you!
You die... ...
YS....

### ...... #####.P###
.S... ....
..........###.....
................Y=..# .
..............F☼.YYY#..~
...............YY..YP.~~
...............Y@Y#...~
..............S###☼....≈
...............## ....~
................# ...#
...............## ...
##.#.......##### ##
##.#....#### ........#
........#


You could see 9 death yaks, 2 water moccasins, a dream sheep, a friendly cane
toad (summoned) and a friendly water moccasin (summoned).

Vanquished Creatures
  Frances (D:12)
  A minotaur (Gauntlet)
  3 hydras
  Harold (Lair:2)
  3 two-headed ogres
  2 boulder beetles
  3 death yaks (Lair:4)
  3 orc high priests (Orc:2)
  Nergalle (D:11)
  An oklob plant (Lair:3)
  2 deep elf pyromancers (D:12)
  4 orc knights (Orc:2)
  An ugly thing (D:12)
  4 orc sorcerers
  5 elephants
  2 black mambas (Lair:2)
  3 large abominations (Gauntlet)
  10 cane toads
  An unseen horror (D:11)
  5 komodo dragons
  A rime drake (Lair:3)
  3 trolls
  A polar bear (Lair:3)
  4 blink frogs (Lair:1)
  3 culicivoras (Lair:3)
  A shadow (D:11)
  A wraith (D:12)
  A vampire (D:11)
  2 wyverns
  31 yaks
  7 basilisks
  A chaos spawn (Gauntlet)
  4 vampire mosquitoes (D:12)
  A neqoxec (Gauntlet)
  Menkaure (D:7)
  3 swamp worms (Gauntlet)
  3 wargs
  A hydra simulacrum (IceCv)
  An acid dragon (D:9)
  5 small abominations (Gauntlet)
  13 water moccasins
  20 orc warriors
  2 sky beasts
  6 ice beasts
  2 black bears
  2 ogres
  6 centaurs
  10 wolves (Lair:1)
  6 kobold brigands
  13 bullfrogs
  2 gnoll sergeants
  2 two-headed ogre simulacra (D:12)
  A scorpion (D:7)
  A cane toad simulacrum (D:12)
  A wight (D:7)
  A killer bee (D:7)
  An elephant simulacrum (IceCv)
  An electric eel (Lair:1)
  2 howler monkeys (D:7)
  4 hounds
  3 jellies
  10 orc priests
  2 sleepcaps
  5 iguanas
  20 orc wizards
  2 troll simulacra (D:12)
  3 polar bear simulacra
  A wolf simulacrum (IceCv)
  7 adders
  10 gnolls
  2 naga simulacra (D:12)
  3 river rats (Sewer)
  A shadow imp (D:7)
  2 white imps
  An ufetubus (D:6)
  7 worms
  4 dart slugs
  86 orcs
  16 endoplasms
  8 giant cockroaches
  7 goblins
  8 hobgoblins
  2 jackals (D:5)
  7 quokkas
  9 ball pythons
  5 bats
  A frilled lizard (D:3)
  30 kobolds
  11 rats
500 creatures vanquished.

Vanquished Creatures (collateral kills)
  An ugly thing (IceCv)
  An orc warrior (Orc:2)
2 creatures vanquished.

Vanquished Creatures (others)
  An orc (D:7)
1 creature vanquished.

Grand Total: 503 creatures vanquished

Notes
Turn   | Place    | Note
-------+----------+-------------------------------------------
     0 | D:1      | BinkBink the Minotaur Monk began the quest for the Orb.
     0 | D:1      | Reached XP level 1. HP: 19/19 MP: 0/0
   116 | D:1      | Reached XP level 2. HP: 27/27 MP: 1/1
   125 | D:1      | Reached skill level 1 in Armour
   298 | D:1      | Reached XP level 3. HP: 24/33 MP: 2/2
   628 | D:2      | Reached skill level 4 in Dodging
   855 | D:2      | Found a sacrificial altar of Ru.
  1262 | D:3      | Reached XP level 4. HP: 37/40 MP: 3/3
  1380 | D:3      | Found a glowing drain.
  1395 | Sewer    | Entered a sewer
  1541 | Sewer    | Noticed a kobold brigand
  1557 | Sewer    | Killed a kobold brigand
  1558 | Sewer    | Reached skill level 5 in Dodging
  1558 | Sewer    | Reached XP level 5. HP: 34/47 MP: 4/4
  1897 | Sewer    | Reached XP level 6. HP: 55/55 MP: 5/5
  2091 | Sewer    | Reached skill level 5 in Long Blades
  2801 | D:4      | Reached skill level 5 in Fighting
  3219 | D:4      | Reached skill level 6 in Dodging
  3565 | D:4      | Reached XP level 7. HP: 9/61 MP: 6/6
  3792 | D:5      | Entered Level 5 of the Dungeon
  3794 | D:5      | Noticed a wyvern
  3803 | D:5      | Killed a wyvern
  3987 | D:5      | Found a staircase to the Ecumenical Temple.
  4003 | Temple   | Entered the Ecumenical Temple
  4287 | D:5      | Reached skill level 7 in Dodging
  4631 | D:6      | Reached XP level 8. HP: 47/70 MP: 7/7
  4796 | D:6      | Reached skill level 5 in Armour
  4866 | D:6      | Found a hazy altar of Hepliaklqana.
  4868 | D:6      | Found an opulent altar of Gozag.
  4872 | D:6      | Reached skill level 8 in Dodging
  4909 | D:6      | Found a radiant altar of Vehumet.
  4910 | D:6      | Found a shimmering blue altar of Sif Muna.
  4910 | D:6      | Found a white marble altar of Elyvilon.
  4910 | D:6      | Found a bloodstained altar of Trog.
  4910 | D:6      | Found an iron altar of Okawaru.
  4910 | D:6      | Found a shadowy altar of Dithmenos.
  4911 | D:6      | Found a stormy altar of Qazlal.
  4912 | D:6      | Found a burning altar of Makhleb.
  4916 | D:6      | Found a glowing silver altar of Zin.
  4917 | D:6      | Found a snail-covered altar of Cheibriados.
  4918 | D:6      | Found a hide-covered altar of Uskayaw.
  4926 | D:6      | Became a worshipper of Qazlal Stormbringer
  4926 | D:6      | Reached * piety under Qazlal
  4926 | D:6      | Reached ** piety under Qazlal
  5022 | D:6      | Found a runed translucent door.
  5563 | D:6      | Noticed pzskc383's ghost (amateur GrFi)
  5671 | D:7      | Identified the of Cycapn
  5735 | D:7      | Reached XP level 9. HP: 66/79 MP: 8/8
  5739 | D:7      | Reached skill level 9 in Dodging
  6250 | D:7      | Noticed Menkaure
  6257 | D:7      | Killed Menkaure
  6728 | D:7      | Reached skill level 10 in Dodging
  6868 | D:7      | Reached *** piety under Qazlal
  7095 | D:7      | Noticed a komodo dragon
  7112 | D:7      | Killed a komodo dragon
  7113 | D:7      | Reached XP level 10. HP: 37/90 MP: 9/9
  8224 | D:9      | Reached skill level 11 in Dodging
  8321 | D:9      | Found a staircase to the Orcish Mines.
  8538 | D:9      | Reached **** piety under Qazlal
  9331 | D:10     | Entered Level 10 of the Dungeon
  9331 | D:10     | Noticed a two-headed ogre
  9368 | D:10     | Noticed a two-headed ogre
  9374 | D:10     | Killed a two-headed ogre
  9467 | D:10     | Killed a two-headed ogre
  9468 | D:10     | Reached skill level 12 in Dodging
  9922 | D:11     | Reached XP level 11. HP: 85/99 MP: 10/10
  9991 | D:11     | Noticed Nergalle
  9998 | D:11     | Noticed a spectral orc warlord
 10006 | D:11     | Killed Nergalle
 10007 | D:11     | Reached skill level 10 in Fighting
 10007 | D:11     | Reached skill level 10 in Long Blades
 10100 | D:11     | Noticed a boulder beetle
 10114 | D:11     | Killed a boulder beetle
 10443 | D:11     | Reached ***** piety under Qazlal
 10504 | D:11     | Noticed a two-headed ogre
 10510 | D:11     | Killed a two-headed ogre
 10511 | D:11     | Reached skill level 13 in Dodging
 10792 | D:11     | Found a staircase to the Lair.
 10873 | D:12     | Noticed a deep elf pyromancer
 10882 | D:12     | Killed a deep elf pyromancer
 10883 | D:12     | Reached skill level 10 in Armour
 10932 | D:12     | Found a runed translucent door.
 10932 | D:12     | Noticed topfpfpflanze's ghost (journeyman FeCj)
 10932 | D:12     | Noticed a purple ugly thing
 10937 | D:12     | Noticed Frances
 10946 | D:12     | Killed Frances
 11012 | D:12     | Found a frozen archway.
 11032 | IceCv    | Entered an ice cave
 11032 | IceCv    | Noticed a white ugly thing
 11044 | IceCv    | Killed a white ugly thing
 11113 | IceCv    | Found a transporter.
 11124 | IceCv    | Found a transporter.
 11160 | D:12     | Noticed a brown ugly thing
 11171 | D:12     | Killed a brown ugly thing
 11227 | D:12     | Noticed a boulder beetle
 11241 | D:12     | Killed a boulder beetle
 11242 | D:12     | Reached skill level 14 in Dodging
 11242 | D:12     | Reached XP level 12. HP: 77/110 MP: 11/11
 11787 | Orc:1    | Entered Level 1 of the Orcish Mines
 12159 | Orc:2    | Entered Level 2 of the Orcish Mines
 13121 | Orc:2    | Noticed an orc high priest
 13131 | Orc:2    | Killed an orc high priest
 13131 | Orc:2    | Noticed an orc high priest
 13397 | Orc:2    | Found Ophadw Asua's Antique Armour Emporium.
 13475 | Orc:2    | Found a staircase to the Elven Halls.
 13543 | Orc:2    | Found a burning altar of Makhleb.
 13686 | Orc:2    | Killed an orc high priest
 13687 | Orc:2    | Reached skill level 15 in Dodging
 13753 | Orc:2    | Noticed an orc high priest
 13765 | Orc:2    | Killed an orc high priest
 14004 | Orc:2    | Found Buufre's Distillery.
 14004 | Orc:2    | Found Efim's General Store.
 14006 | Orc:2    | Found Laemuf's Antique Armour Shop.
 14006 | Orc:2    | Found Team Ysa's Weapon Emporium.
 14012 | Orc:2    | Bought a potion of heal wounds for 75 gold pieces
 14012 | Orc:2    | Bought a potion of might for 60 gold pieces
 14023 | Orc:2    | Bought a masterwork chain mail for 304 gold pieces
 14023 | Orc:2    | Identified the +4 chain mail of Bigotir {rN+ Str+2} (You
                  | bought it in a shop on level 2 of the Orcish Mines)
 14155 | Lair:1   | Entered Level 1 of the Lair of Beasts
 14590 | Lair:1   | Identified the +5 mace of Fate {venom, rN+ Str+2 SInv}
 14612 | Lair:1   | Reached XP level 13. HP: 114/119 MP: 12/12
 15154 | Lair:2   | Reached ****** piety under Qazlal
 15458 | Lair:2   | Reached skill level 16 in Dodging
 15485 | Lair:2   | Found a gate leading to a gauntlet.
 15487 | Lair:2   | Identified the +1 flail "Kerhix" {freeze, rElec Str+4
                  | Int-5}
 15506 | Gauntlet | Entered a Gauntlet
 15506 | Gauntlet | Found a transporter.
 15573 | Gauntlet | Found a transporter.
 15575 | Gauntlet | Found a transporter.
 15589 | Gauntlet | Found a transporter.
 15598 | Gauntlet | Found a transporter.
 15619 | Gauntlet | Found a transporter.
 15630 | Gauntlet | Found a transporter.
 15637 | Gauntlet | Found a runed translucent door.
 15643 | Gauntlet | Found a transporter.
 15643 | Gauntlet | Noticed a cacodemon
 15661 | Gauntlet | Found a transporter.
 15675 | Gauntlet | Found a transporter.
 15675 | Gauntlet | Found a transporter.
 15717 | Gauntlet | Found a runed translucent door.
 15721 | Gauntlet | Found a runed translucent door.
 15723 | Gauntlet | Found a transporter.
 15737 | Gauntlet | Found a transporter.
 15778 | Gauntlet | Found a transporter.
 15851 | Gauntlet | Gained mutation: Armour fits poorly on your strangely
                  | shaped body. [a neqoxec]
 15861 | Gauntlet | Identified the ring "Epleocw Jiam" {rC+ rN+ MP+9 Int+3
                  | Slay+3}
 16266 | Gauntlet | Identified the +8 plate armour "Idiguj" {-Cast Harm Rampage
                  | rN+}
 16266 | Gauntlet | Identified the ring "Runarch" {Drain rCorr Str+4 Slay+4
                  | SInv}
 16266 | Gauntlet | Noticed a minotaur
 16274 | Gauntlet | Killed a minotaur
 16556 | Lair:2   | Noticed Harold
 16564 | Lair:2   | Killed Harold
 17699 | Lair:3   | Found a hole to the Spider Nest.
 17779 | Lair:3   | Found a staircase to the Shoals.
 18135 | Lair:4   | Reached skill level 17 in Dodging
 18141 | Lair:4   | Mangled by a death yak

Illustrated notes

Levels and vault maps discovered:
D:1:      zelgadis_glass_arrival_small, layout_rooms, minmay_three_crescents
D:2:      layout_rooms, basic_altar
D:3:      layout_basic, portal_sewer_entry_f
D:4:      cheibrodos_quashed, layout_cave_pools, lightli_minifort
D:5:      layout_rooms, minmay_temple_entry_butterflies, minmay_crystal_room
D:6:      layout_gridville, minitemple, gammafunk_ghost_grave,
          kennysheep_generic_room_11
D:7:      kennysheep_windowed_halls, layout_cave_pools, uniq_menkaure
D:8:      layout_basic, nicolae_fountain_basement
D:9:      layout_basic, hiddenorc2_lemuel
D:10:     layout_rooms
D:11:     layout_loops_ring, grunt_lair_entry_orc_guard_hut, uniq_nergalle
D:12:     layout_small_grid, portal_ice_cave_entry_ice_simulacra, serial_rivers,
          chequers_serial_rivers_micro_d, chequers_serial_rivers_micro_c,
          chequers_serial_rivers_micro_a, chequers_serial_rivers_micro_d,
          chequers_serial_rivers_large_a, ebering_ghost_inner_flame,
          minmay_misc_feat_room, uniq_frances
Temple:   nicolae_temple_cloud_nine
Lair:1:   layout_loops_ring, serial_bayou_shore_a, serial_bayou_shore_b
Lair:2:   layout_long_grid, gauntlet_entry_generic, grunt_megastairs_2,
          uniq_harold
Lair:3:   layout_chaotic_city, shoals_dummy_entry,
          hellmonk_spider_entry_life_and_decay
Lair:4:   layout_gridlike, nzn_random_ring, uniq_snorg
Orc:1:    layout_caves
Orc:2:    grunt_orc_tribal_feast, layout_diamond_mine, serial_shops,
          nicolae_lakefront_shop, basic_altar

Skill      XL: |  1  2  3  4  5  6  7  8  9 10 11 12 13 |
---------------+----------------------------------------+-----
Armour         | 1 2 3 4 6 7 9 10 11 13 | 13.1
Fighting       | 4 5 6 7 8 9 11 12 13 | 13.6
Long Blades    | 4 5 6 7 8 9 11 12 13 | 13.6
Dodging        | 4 5 6 7 8 10 12 14 15 17 | 17.0

Action                     |  1- 3 |  4- 6 |  7- 9 | 10-12 | 13-15 || total
---------------------------+-------+-------+-------+-------+-------++-------
  Melee: Falchion          |    84 |   154 |   227 |       |       ||   465
         Headbutt          |    15 |    44 |    68 |   107 |    39 ||   273
         Great sword       |       |       |    24 |   499 |   181 ||   704
    Use: Scroll            |       |       |     9 |     7 |     7 ||    23
         Potion            |       |       |     1 |     1 |       ||     2
 Armour: Robe              |    32 |    76 |    52 |       |       ||   160
         Ring mail         |       |       |    66 |    42 |       ||   108
         Acid dragon scale |       |       |       |    83 |       ||    83
         Troll leather arm |       |       |       |    78 |       ||    78
         Chain mail        |       |       |       |    53 |    75 ||   128
         Plate armour      |       |       |       |       |    59 ||    59
  Dodge: Dodged            |    65 |    96 |   183 |   437 |    90 ||   871
         Repelled          |       |       |       |     4 |       ||     4
  Block: Orb               |       |       |    15 |       |       ||    15
         Other             |       |       |     6 |   183 |    65 ||   254

Table legend: (Time is in decaauts)
 A = Elapsed time spent in this place.
 B = Non-inter-level travel time spent in this place.
 C = Inter-level travel time spent in this place.
 D = Time resting spent in this place.
 E = Time spent auto-exploring this place.
 F = Levels seen in this place.
 G = Mean time per level.
                   A        B        C        D        E       F      G
               +--------+--------+--------+--------+--------+-----+--------+
         Total |  18259 |  17666 |    593 |   2595 |  11775 |  22 |  830.0 |
       Dungeon |  11017 |  10579 |    438 |   1193 |   7441 |  12 |  918.1 |
        Temple |     34 |     34 |      0 |      0 |      0 |   1 |   34.0 |
          Lair |   3074 |   3012 |     62 |    168 |   2302 |   4 |  768.5 |
  Orcish Mines |   2337 |   2244 |     93 |    936 |    969 |   2 | 1168.5 |
         Sewer |    758 |    758 |      0 |      0 |    586 |   1 |  758.0 |
      Ice Cave |    109 |    109 |      0 |     63 |      0 |   1 |  109.0 |
      Gauntlet |    927 |    927 |      0 |    235 |    477 |   1 |  927.0 |
               +--------+--------+--------+--------+--------+-----+--------+

Top non-repeatable levels by time:
     D:7: 1817 daAuts
   Orc:2: 1770 daAuts
     D:9: 1270 daAuts
     D:4: 1217 daAuts
  Lair:3: 1064 daAuts
     D:6: 1030 daAuts
    D:11: 1001 daAuts
  Lair:1: 993 daAuts
  Lair:2: 931 daAuts
Gauntlet: 927 daAuts
     D:3: 869 daAuts
    D:12: 784 daAuts
   Sewer: 758 daAuts
     D:8: 674 daAuts
     D:5: 631 daAuts
